 Dungeon Crawl Stone Soup version 0.20.0-15-g7f486f2 (webtiles) character file.

29553 Zwobot the Carver (level 13, 0/121 HPs)
             Began as a Deep Elf Fighter on June 11, 2017.
             Was an Initiate of Gozag.
             Succumbed to a wolf spider's poison
             ... on level 13 of the Dungeon.
             The game lasted 00:51:08 (18450 turns).

Zwobot the Carver (Deep Elf Fighter)               Turns: 18450, Time: 00:51:08

Health: 0/121      AC: 15    Str: 22      XL:     13   Next: 15%
Magic:  1/19       EV:  5    Int: 15      God:    Gozag
Gold:   2720       SH: 10    Dex: 12 (14) Spells: 12/12 levels left

rFire    . . .     SeeInvis .   J - +8 demon blade "Bloodbane" {slice, *Rage +Rage Stlth-}
rCold    + . .     Gourm    .   c - +0 shield
rNeg     . . .     Faith    .   g - +0 plate armour
rPois    .         Spirit   +   x - +0 helmet
rElec    .         Reflect  .   n - +1 cloak
rCorr    .         Harm     .   l - +0 pair of gloves
MR       +....     Rnd*Rage +   v - +0 pair of boots
Stlth    ..........             P - amulet of guardian spirit
Regen    0.3/turn               e - ring of wizardry (curse)
MPRegen  0.2/turn               p - ring of protection from cold

@: berserking, lethally poisoned (0 -> -23), gold aura, hasted, very quick
A: blurry vision 1, deformed body, deterioration 1, robust 1
a: Potion Petition, Call Merchant, Bribe Branch, Renounce Religion, Evoke
Berserk Rage


You were on level 13 of the Dungeon.
You worshipped Gozag.
Gozag was most pleased with you.
You were not hungry.

You visited 1 branch of the dungeon, and saw 14 of its levels.

You collected 3626 gold pieces.
You spent 139 gold pieces at shops.
You paid 767 gold pieces to Gozag.

Inventory:

Hand Weapons
 a - a +3 long sword
 b - a +0 blowgun
 F - the +2 rapier of Entrepreneurial Spirit {pierce, Dex+3}
   (You found it on level 7 of the Dungeon)

   It inflicts extra damage upon your enemies.
   It affects your dexterity (+3).
 J - the +8 demon blade "Bloodbane" (weapon) {slice, *Rage +Rage Stlth-}
   (You found it on level 9 of the Dungeon)

   It inflicts extra damage upon your enemies.
   It lets you go berserk.
   It may make you go berserk in combat.
   It makes you less stealthy.
 R - the +7 long sword of the Unliving {slice, rF+ MR+ Str-5 Int+3}
   (You found it on level 13 of the Dungeon)

   It inflicts extra damage upon your enemies.
   It affects your strength (-5).
   It affects your intelligence (+3).
   It protects you from fire.
   It affects your resistance to hostile enchantments.
Missiles
 r - 27 poisoned needles
Armour
 c - a +0 shield (worn)
 g - a +0 plate armour (worn)
 l - a +0 pair of gloves (worn)
 n - a +1 cloak (worn)
 t - a cursed +0 buckler
 v - a +0 pair of boots (worn)
 x - a +0 helmet (worn)
Jewellery
 e - a cursed ring of wizardry (left hand)
 k - an uncursed ring of flight {unknown}
 o - a cursed ring of teleportation
 p - a ring of protection from cold (right hand)
 P - an amulet of guardian spirit (around neck)
 V - an uncursed ring of see invisible {unknown}
Wands
 d - a wand of random effects (22/48)
 s - a wand of iceblast (0/15)
 E - a wand of paralysis (0/24)
 H - a wand of flame (15/48)
 I - a wand of iceblast (4/15)
 M - a wand of enslavement (0/24)
Scrolls
 h - 6 scrolls of remove curse
 i - 4 scrolls of amnesia
 y - 2 scrolls of enchant armour
 B - 5 scrolls of magic mapping
 C - 2 scrolls of blinking
 D - 2 scrolls of teleportation
 G - a scroll of immolation
 K - 2 scrolls of identify
 N - a scroll of brand weapon
 O - a scroll of recharging
Potions
 j - 3 potions of flight
 m - a potion of resistance
 q - 4 potions of heal wounds
 u - 2 potions of haste
 w - 4 potions of curing
 A - a potion of cancellation
 T - a potion of brilliance
Books
 Q - a book of Frost

   Spells                             Type                      Level
   a - Freeze                         Ice                          1
   b - Throw Frost                    Conjuration/Ice              2
   c - Ozocubu's Armour               Charms/Ice                   3
   d - Throw Icicle                   Conjuration/Ice              4
   e - Summon Ice Beast               Ice/Summoning                4
 U - a book of Power

   Spells                             Type                      Level
   a - Iskenderun's Battlesphere      Conjuration/Charms           5
   b - Venom Bolt                     Conjuration/Poison           5
   c - Bolt of Magma                  Conjuration/Fire/Earth       5
   d - Iron Shot                      Conjuration/Earth            6
   e - Orb of Destruction             Conjuration                  7
   f - Spellforged Servitor           Conjuration/Summoning        7
Comestibles
 f - 11 bread rations


   Skills:
 + Level 6.2 Fighting
 * Level 14.0 Long Blades
 - Level 5.4 Throwing
 * Level 9.2 Armour
 + Level 6.2 Shields
 - Level 6.4 Evocations


You had 12 spell levels left.
You didn't know any spells.

Dungeon Overview and Level Annotations

Branches:
Dungeon (14/15)            Temple (0/1) D:5            Lair (0/6) D:11
    Orc (0/2) D:12         Vaults (0/5) D:14

Altars:
Fedhas
Gozag
Makhleb
Qazlal
Ru
Sif Muna
Uskayaw
Vehumet
The Shining One

Shops:
D:4 [   D:7 (   D:9 (   D:10 ((?*

Annotations:
D:13 exclusion: 2 downstairs
D:14 Urug


Innate Abilities, Weirdness & Mutations

Scrolls take you a little longer to read.
Armour fits poorly on your strangely shaped body.
Your body sometimes deteriorates upon taking damage.
You are robust. (+10% HP)


Message History

You are lethally poisoned!
The wolf spider poisons you!
You closely miss the wolf spider.
The wolf spider is almost dead.
* * * LOW HITPOINT WARNING * * *
You feel sick.
You closely miss the wolf spider.
The wolf spider is almost dead.
* * * LOW HITPOINT WARNING * * *
You feel sick. The wolf spider hits you!
* * * LOW HITPOINT WARNING * * *
The wolf spider barely misses you. The human barely misses you.
Unknown command.
You slice the wolf spider!!
You kill the wolf spider!
* * * LOW HITPOINT WARNING * * *
You feel sick.
You closely miss the human.
You die...
Your body crumbles into a pile of gold.

# ####### ###########
#.....# #.........#
## #.###.####
#.###.###.# .# #.#
#....#######
#.##...##.# .#
#.###.......$.p###
#.#........
.###........####@...#
#.##...##.#
........##### #..#.#
#.###..##.# .###...##
#..#.# #.###)..#.#
..###)## #..#.#
#.........# ..# #.#
#....# ######.####
#.# #.# #.#..# #.# #
#.###'## #.#..# #.#
#.##...## #.#..# #.#
#.#.....## ##....#
#.##


You could see a human.

Vanquished Creatures
  A hydra (D:10)
  A centaur warrior (D:8)
  6 two-headed ogres
  An unseen horror (D:13)
  The ghost of ZomBoFoB the Basher, a novice OgGl of the Shining One (D:6)
  A wolf spider (D:13)
  3 cyclopes
  A manticore (D:12)
  5 ugly things
  A deep elf mage (D:13)
  2 centaur zombies (D:13)
  A kobold demonologist (D:10)
  A troll (D:11)
  5 meliai
  Grinder (D:4)
  A hornet (shapeshifter) (D:10)
  The ghost of George the Slasher, an amateur DsGl (D:4)
  11 slime creatures (D:13)
  2 hippogriffs
  A hornet (D:12)
  A vampire (D:13)
  20 yaks
  3 wraiths
  A wyvern (D:13)
  4 hogs (D:7)
  2 hungry ghosts
  A basilisk (D:13)
  A steam dragon (D:9)
  A human (D:7)
  2 acid dragons
  2 porcupines (D:11)
  3 ice beasts
  5 orc warriors
  5 sky beasts
  5 phantoms
  2 necrophages
  13 ogres
  2 black bears
  2 crocodiles
  5 centaurs
  2 big kobolds (D:9)
  11 bullfrogs
  A water moccasin zombie (D:11)
  A wyvern skeleton (D:10)
  6 scorpions
  2 killer bees
  10 wights
  4 howler monkeys
  11 crimson imps
  4 hounds
  A jelly (D:6)
  2 quasits (D:10)
  A bullfrog zombie (D:13)
  2 bullfrog skeletons
  4 centaur skeletons
  10 orc priests
  13 orc wizards
  Natasha (thrice) (D:3)
  2 iguanas
  9 worker ants
  A killer bee zombie (D:9)
  3 hound zombies
  2 worker ant zombies
  A howler monkey zombie (D:7)
  16 adders
  5 shadow imps
  2 oozes
  2 adder zombies
  An adder skeleton (D:6)
  5 worms
  A dart slug (D:3)
  12 leopard geckos
  45 orcs
  6 bats
  13 giant cockroaches
  9 goblins
  7 hobgoblins
  14 jackals
  3 quokkas
  2 ball pythons
  5 frilled lizards
  13 kobolds
  A leopard gecko zombie (D:9)
  A quokka skeleton (D:5)
  7 rats
403 creatures vanquished.

Vanquished Creatures (collateral kills)
  A killer bee (D:11)
1 creature vanquished.

Vanquished Creatures (others)
  A slime creature (D:13)
  2 killer bees (D:11)
  5 fungi (D:11)
8 creatures vanquished.

Grand Total: 412 creatures vanquished

Notes
Turn   | Place    | Note
-------+----------+-------------------------------------------
     0 | D:1      | Zwobot the Deep Elf Fighter began the quest for the Orb.
     0 | D:1      | Reached XP level 1. HP: 13/13 MP: 3/3
    44 | D:1      | Reached skill level 2 in Long Blades
   127 | D:1      | Reached XP level 2. HP: 17/18 MP: 4/4
   919 | D:2      | Reached skill level 3 in Long Blades
   943 | D:2      | Noticed a hand axe
   943 | D:2      | Found a hide-covered altar of Uskayaw.
   944 | D:2      | Noticed a hand axe
   956 | D:2      | Reached XP level 3. HP: 19/22 MP: 5/5
  1466 | D:2      | Reached XP level 4. HP: 27/27 MP: 6/6
  1550 | D:2      | Reached skill level 4 in Long Blades
  2160 | D:3      | Noticed Natasha
  2167 | D:3      | Killed Natasha
  2429 | D:3      | Reached XP level 5. HP: 28/31 MP: 7/7
  2923 | D:3      | Noticed a two-headed ogre
  2929 | D:3      | Noticed Natasha
  2944 | D:3      | Found an opulent altar of Gozag.
  2969 | D:3      | Killed a two-headed ogre
  2969 | D:3      | Reached skill level 6 in Long Blades
  2969 | D:3      | Reached XP level 6. HP: 38/38 MP: 8/8
  2969 | D:3      | Reached XP level 7. HP: 43/43 MP: 9/9
  3035 | D:3      | Killed Natasha
  3035 | D:3      | Reached skill level 7 in Long Blades
  3106 | D:3      | Became a worshipper of Gozag Ym Sagoz the Greedy
  3261 | D:3      | Noticed Natasha
  3264 | D:3      | Killed Natasha
  4134 | D:4      | Noticed George's ghost (amateur DsGl)
  4180 | D:3      | Gained mutation: You are partially covered in slimy green scales. (AC +2) [potion of mutation]
  4180 | D:3      | Gained mutation: Your flesh is heat resistant. (rF+) [potion of mutation]
  4243 | D:4      | Killed George's ghost
  4243 | D:4      | Reached XP level 8. HP: 48/48 MP: 10/10
  4390 | D:4      | Reached skill level 8 in Long Blades
  4660 | D:4      | Found Japsatt's Antique Armour Boutique.
  4661 | D:4      | Found a sacrificial altar of Ru.
  4666 | D:4      | Bought a pair of gloves for 139 gold pieces
  4719 | D:4      | Noticed Grinder
  4746 | D:4      | Killed Grinder
  4746 | D:4      | Reached skill level 5 in Fighting
  5328 | D:4      | Reached skill level 9 in Long Blades
  5775 | D:5      | Entered Level 5 of the Dungeon
  6245 | D:4      | Reached XP level 9. HP: 42/55 MP: 11/11
  6330 | D:5      | Found a staircase to the Ecumenical Temple.
  6477 | D:7      | Found Gulucuofyu's Antique Weapon Emporium.
  6754 | D:7      | Reached skill level 10 in Long Blades
  7294 | D:7      | Found a stormy altar of Qazlal.
  7294 | D:7      | Found a blossoming altar of Fedhas.
  7414 | D:7      | Reached skill level 11 in Long Blades
  7606 | D:7      | Found a deep blue altar of Sif Muna.
  7670 | D:6      | Noticed ZomBoFoB's ghost (novice OgGl)
  7843 | D:7      | Got a jewelled rapier
  7844 | D:7      | Identified the +2 rapier of Entrepreneurial Spirit {pierce, Dex+3} (You found it on level 7 of the Dungeon)
  7949 | D:8      | Found a radiant altar of Vehumet.
  8294 | D:8      | Noticed a two-headed ogre
  8340 | D:8      | Killed a two-headed ogre
  8340 | D:8      | Reached XP level 10. HP: 20/60 MP: 12/12
  8643 | D:8      | Noticed a centaur warrior
  8664 | D:8      | Killed a centaur warrior
  8664 | D:8      | Reached skill level 5 in Throwing
  9145 | D:8      | Found a burning altar of Makhleb.
  9145 | D:8      | Noticed a blizzard demon
  9207 | D:8      | Noticed a two-headed ogre
  9222 | D:8      | Killed a two-headed ogre
  9880 | D:9      | Reached skill level 5 in Evocations
  9934 | D:9      | Noticed a two-headed ogre
  9949 | D:9      | Killed a two-headed ogre
 10073 | D:9      | Reached XP level 11. HP: 50/64 MP: 17/17
 10984 | D:7      | Reached skill level 12 in Long Blades
 11072 | D:7      | Reached skill level 5 in Armour
 11121 | D:6      | Lost mutation: Your flesh is heat resistant. (rF+) [potion of mutation]
 11121 | D:6      | Lost mutation: You are partially covered in slimy green scales. (AC +2) [potion of mutation]
 11121 | D:6      | Gained mutation: You expend magic power (3 MP) to strengthen your wands. [potion of mutation]
 11121 | D:6      | Gained mutation: You are partially covered in iridescent scales. (AC +2) [potion of mutation]
 11122 | D:6      | Lost mutation: You expend magic power (3 MP) to strengthen your wands. [potion of mutation]
 11122 | D:6      | Lost mutation: You are partially covered in iridescent scales. (AC +2) [potion of mutation]
 11122 | D:6      | Gained mutation: You occasionally shout uncontrollably at your foes. [potion of mutation]
 11122 | D:6      | Gained mutation: You tend to lose your temper in combat. [potion of mutation]
 11122 | D:6      | Gained mutation: Your muscles are strong. (Str +2) [potion of mutation]
 11323 | D:6      | Killed ZomBoFoB's ghost
 11881 | D:6      | Found a glowing golden altar of the Shining One.
 12151 | D:10     | Entered Level 10 of the Dungeon
 12270 | D:10     | Noticed a two-headed ogre
 12303 | D:10     | Killed a two-headed ogre
 12420 | D:10     | Found Sigru's Antique Weapon Shop.
 12511 | D:10     | Found Ciul's Magic Scroll Shoppe.
 13173 | D:10     | Found Jemanumn's Antique Weapon Boutique.
 13304 | D:10     | Noticed a soul eater
 13383 | D:10     | Found Ticw's General Store.
 13408 | D:10     | Noticed a four-headed hydra
 13413 | D:10     | Killed a four-headed hydra
 13553 | D:11     | Reached XP level 12. HP: 57/70 MP: 18/18
 14055 | D:11     | Reached skill level 5 in Shields
 14115 | D:11     | Reached skill level 13 in Long Blades
 14470 | D:11     | Found a staircase to the Lair.
 15257 | D:12     | Found a staircase to the Orcish Mines.
 16231 | D:13     | Got a warped long sword
 16232 | D:13     | Identified the +7 long sword of the Unliving {slice, rF+ MR+ Str-5 Int+3} (You found it on level 13 of the Dungeon)
 16756 | D:13     | Noticed a two-headed ogre
 16768 | D:13     | Killed a two-headed ogre
 17437 | D:13     | Reached XP level 13. HP: 74/74 MP: 14/19
 18007 | D:14     | Found a gate to the Vaults.
 18007 | D:14     | Noticed Urug
 18259 | D:13     | Reached skill level 14 in Long Blades
 18387 | D:14     | Lost mutation: Your muscles are strong. (Str +2) [potion of mutation]
 18387 | D:14     | Lost mutation: You tend to lose your temper in combat. [potion of mutation]
 18387 | D:14     | Lost mutation: You occasionally shout uncontrollably at your foes. [potion of mutation]
 18387 | D:14     | Gained mutation: Your body sometimes deteriorates upon taking damage. [potion of mutation]
 18387 | D:14     | Gained mutation: Scrolls take you a little longer to read. [potion of mutation]
 18387 | D:14     | Gained mutation: Armour fits poorly on your strangely shaped body. [potion of mutation]
 18387 | D:14     | Gained mutation: You are robust. (+10% HP) [potion of mutation]
 18448 | D:13     | HP: 2/121 [wolf spider (12)]
 18450 | D:13     | Succumbed to a wolf spider's poison

Skill      XL: |  1  2  3  4  5  6  7  8  9 10 11 12 13 |
---------------+----------------------------------------+-----
Long Blades    | 2 3 4 6 7 9 11 12 13 14 | 14.0
Fighting       | 4 5 6 |  6.2
Throwing       | 3 5 |  5.4
Armour         | 4 6 8 9 |  9.2
Evocations     | 6 |  6.4
Shields        | 3 4 6 |  6.2

Action                   |  1- 3 |  4- 6 |  7- 9 | 10-12 | 13-15 || total
-------------------------+-------+-------+-------+-------+-------++-------
Melee: Long sword        |   102 |    81 |   508 |   238 |    35 ||   964
       Demon blade       |       |       |       |   579 |    56 ||   635
 Fire: Blowgun           |       |       |    34 |    25 |       ||    59
Throw: Throwing net      |       |       |     1 |       |       ||     1
Invok: Potion Petition   |       |       |     1 |       |       ||     1
       Call Merchant     |       |       |       |     1 |       ||     1
Evoke: Wand              |       |       |     6 |    18 |     1 ||    25
  Use: Scroll            |     4 |     3 |    13 |    13 |     1 ||    34
       Potion            |     4 |     2 |     5 |     5 |     3 ||    19
 Stab: Distracted        |       |       |     3 |     3 |     2 ||     8
       Paralysed         |       |       |       |     7 |       ||     7
  Eat: Royal jelly       |     2 |       |     6 |     2 |     1 ||    11
       Chunk             |     1 |     1 |       |       |       ||     2
       Fruit             |       |       |     8 |     5 |       ||    13
       Meat ration       |       |       |     1 |     4 |     1 ||     6
Armor: Scale mail        |    19 |       |       |       |       ||    19
       Ring mail         |    29 |    24 |       |       |       ||    53
       Skin              |     1 |     5 |    10 |     9 |       ||    25
       Plate armour      |       |       |   265 |   327 |    55 ||   647
Dodge: Dodged            |    25 |    17 |    28 |    45 |     9 ||   124
Block: Shield            |    52 |    33 |   166 |   223 |    31 ||   505
       Rpst.: Long sword |    11 |     1 |     7 |     5 |       ||    24
       Demon blade       |       |       |       |     8 |     1 ||     9
